 Dungeon Crawl Stone Soup version 0.26-a0-1139-g7d2dc893a1 (webtiles) character file.

Game seed: 3993263955281551942

1148 Dracia the Insei (level 8, 0/96 HPs)
             Began as a Demonspawn Gladiator on Dec 22, 2020.
             Slain by Edmund
             ... wielding a +2 dire flail of holy wrath
              (1 damage)
             ... on level 4 of the Dungeon.
             The game lasted 00:05:38 (4548 turns).

Dracia the Insei (Demonspawn Gladiator)             Turns: 4548, Time: 00:05:39

Health: 0/96       AC: 24    Str: 16    XL:     8   Next: 15%
Magic:  8/8        EV:  2    Int:  9    God:
Gold:   161        SH:  0    Dex: 16    Spells: 7/7 levels left

rFire    . . .     SeeInvis .     - Unarmed
rCold    . . .     Faith    .   (no shield)
rNeg     + + +     Spirit   .   (armour currently unavailable)
rPois    +         Reflect  .   (helmet currently unavailable)
rElec    .         Harm     .   (cloak currently unavailable)
rCorr    .         Rampage  .   (gloves currently unavailable)
Will     .....     NoTele   +   (boots currently unavailable)
Stlth    +.........             (no amulet)
HPRegen  0.26/turn              (no ring)
MPRegen  0.11/turn              (no ring)

@: mighty, agile, tree-form
A: rugged brown scales 1, powered by pain 2
a: no special abilities


You were on level 4 of the Dungeon.
You were a tree.
You visited 1 branch of the dungeon, and saw 4 of its levels.

You collected 161 gold pieces.


Innate Abilities, Weirdness & Mutations

((You have sharp fingernails.))
(You are partially covered in rugged brown scales. (AC +1, +3% HP))
You sometimes gain power by taking damage.


   Skills:
 - Level 5.4 Fighting
 - Level 2.9 Staves
 - Level 1.7 Throwing
 + Level 5.5 Armour
 + Level 6.3 Dodging
 * Level 7.9 Unarmed Combat
 - Level 4.8 Evocations


You had 7 spell levels left.
You didn't know any spells.
Your spell library was empty.

Inventory:

Missiles
 d - 3 throwing nets (quivered) {=f=f}
 t - 5 poisoned darts
Armour
 b - a +0 leather armour
 c - a +0 helmet
 e - a +0 pair of boots (melded)
 i - a +0 cloak (melded)
 m - a +0 ring mail (melded)
 u - a +1 helmet of see invisible (melded)
Magical Staves
 v - an uncursed staff of cold {!a!a, unknown}
Scrolls
 a - 3 scrolls of magic mapping
 h - 2 scrolls of remove curse {unknown}
 j - 2 scrolls of fear
 k - 3 scrolls of identify {unknown}
 o - a scroll of teleportation {@r4@r4}
 r - a scroll of amnesia
 s - a scroll of random uselessness {unknown}
Potions
 f - 3 potions of curing {unknown}
 p - 3 potions of resistance
 q - a potion of lignification

Dungeon Overview and Level Annotations

Branches:
Dungeon (4/15)             Temple (0/1) D:4

Altars:
Dithmenos
Vehumet

Shops:
D:4 }

Annotations:
D:4 Edmund

########..#....##....#
#.....##......#
###...##.######
#.>.##.#.....
########....#.####
#.............#
#.############# #.# ..
#♣# .# #@# .# #.##.#
#....# ######


You could see Edmund.


Message History

You scratch Edmund.
Edmund is heavily wounded.
Edmund hits you with a +2 dire flail of holy wrath.
* * * LOW HITPOINT WARNING * * *
You convulse.
* * * LOW HITPOINT WARNING * * *
Unknown command.
You feel much better. Edmund closely misses you.
It was a potion of might.
You feel very mighty all of a sudden.
Edmund hits you with a +2 dire flail of holy wrath!
* * * LOW HITPOINT WARNING * * *
You focus on the pain.
You feel agile all of a sudden.
You convulse!
* * * LOW HITPOINT WARNING * * *
Edmund asks, "Have you met my wondrous brother?"
Edmund hits you but does no damage.
It was a potion of lignification.
You turn into a tree.
Your +0 cloak melds into your body.
Your +1 helmet of see invisible melds into your body.
Your +0 pair of boots melds into your body.
Your +0 ring mail melds into your body.
You feel less perceptive.
Your roots penetrate the ground.
Edmund hits you but does no damage.
You smack Edmund!
Edmund is severely wounded.
Edmund hits you with a +2 dire flail of holy wrath.
* * * LOW HITPOINT WARNING * * *
You convulse.
You die...

Skill      XL: |  1  2  3  4  5  6 |
---------------+-------------------+-----
Dodging        | 3 6 |  6.3
Armour         | 1 2 5 |  5.5
Unarmed Combat | 1 3 7 |  7.9
Fighting       | 5 |  5.4
Evocations     | 4 |  4.8
Staves         | |  2.9
Throwing       | |  1.7

Action                   |  1- 3 |  4- 6 |  7- 9 || total
-------------------------+-------+-------+-------++-------
Melee: Quarterstaff      |    17 |       |       ||    17
       Unarmed           |   101 |   234 |    78 ||   413
       Punch             |     2 |     5 |     5 ||    12
  Use: Scroll            |       |     4 |       ||     4
       Potion            |       |     1 |     3 ||     4
Armor: Leather armour    |    13 |       |       ||    13
       Ring mail         |    27 |    89 |    13 ||   129
       Skin              |       |       |     1 ||     1
Dodge: Dodged            |    87 |   162 |    33 ||   282

Levels and vault maps discovered:
D:1:      co_arrival_random_square_maze, layout_rooms
D:2:      layout_basic, uniq_natasha, uniq_sigmund
D:3:      layout_loops_corners, grunt_dithmenos_smoke, uniq_terence, uniq_robin
D:4:      layout_basic, vehumet_crystals, minmay_temple_entry_proselytizer,
          serial_shops, shop, uniq_edmund, uniq_blork_the_orc

Notes
Turn   | Place    | Note
-------+----------+-------------------------------------------
     0 | D:1      | Dracia the Demonspawn Gladiator began the quest for the
                  | Orb.
     0 | D:1      | Reached XP level 1. HP: 16/16 MP: 1/1
   200 | D:1      | Gained mutation: You have sharp fingernails. [demonic
                  | ancestry]
   200 | D:1      | Reached XP level 2. HP: 22/22 MP: 2/2
   359 | D:1      | Reached skill level 3 in Dodging
   364 | D:1      | Reached skill level 1 in Armour
   808 | D:1      | Reached skill level 1 in Unarmed Combat
   891 | D:2      | Reached XP level 3. HP: 23/27 MP: 3/3
  1052 | D:2      | Noticed Sigmund
  1070 | D:2      | Killed Sigmund
  1071 | D:2      | Reached skill level 2 in Armour
  1071 | D:2      | Reached skill level 3 in Unarmed Combat
  1071 | D:2      | Reached XP level 4. HP: 25/33 MP: 4/4
  1071 | D:2      | Gained mutation: You sometimes gain a little power by
                  | taking damage. [demonic ancestry]
  1071 | D:2      | Reached XP level 5. HP: 29/38 MP: 5/5
  1224 | D:2      | Noticed Natasha
  1257 | D:2      | Killed Natasha
  1538 | D:2      | Noticed Natasha
  1542 | D:2      | Killed Natasha
  1554 | D:2      | Gained mutation: You sometimes gain power by taking damage.
                  | [demonic ancestry]
  1554 | D:2      | Reached XP level 6. HP: 26/44 MP: 6/6
  1869 | D:2      | Noticed Natasha
  1881 | D:2      | Killed Natasha
  2051 | D:2      | Reached skill level 4 in Dodging
  2634 | D:3      | Noticed Robin
  2661 | D:3      | Killed Robin
  2662 | D:3      | Reached skill level 4 in Unarmed Combat
  3136 | D:3      | Noticed Terence
  3160 | D:3      | Killed Terence
  3358 | D:3      | Reached skill level 3 in Armour
  3551 | D:3      | Found a shadowy altar of Dithmenos.
  3644 | D:3      | Identified a potion of experience
  3644 | D:3      | Reached skill level 5 in Fighting
  3644 | D:3      | Reached skill level 5 in Armour
  3644 | D:3      | Reached skill level 6 in Dodging
  3644 | D:3      | Reached skill level 7 in Unarmed Combat
  3644 | D:3      | Reached skill level 4 in Evocations
  3644 | D:3      | Gained mutation: You are partially covered in rugged brown
                  | scales. (AC +1, +3% HP) [demonic ancestry]
  3644 | D:3      | Reached XP level 7. HP: 51/57 MP: 7/7
  3928 | D:4      | Reached XP level 8. HP: 64/64 MP: 8/8
  3943 | D:4      | Found Qufip's Gadget Boutique.
  4062 | D:4      | Found a radiant altar of Vehumet.
  4376 | D:4      | Found a staircase to the Ecumenical Temple.
  4530 | D:4      | Noticed Edmund
  4539 | D:4      | HP: 6/64 [Edmund/+2 dire flail of holy wrath (3)]
  4541 | D:4      | HP: 1/64 [Edmund/+2 dire flail of holy wrath (16)]
  4548 | D:4      | HP: 1/96 [Edmund/+2 dire flail of holy wrath (2)]
  4548 | D:4      | Slain by Edmund

Vanquished Creatures
  Sigmund (D:2)
  An ogre (D:4)
  3 orc priests
  Natasha (thrice) (D:2)
  2 orc wizards (D:4)
  A worker ant (D:4)
  Terence (D:3)
  Robin (D:3)
  3 gnolls (D:2)
  4 adders
  An adder skeleton (D:4)
  3 worms
  A dart slug (D:1)
  5 leopard geckos
  17 orcs
  2 ball pythons (D:3)
  3 giant cockroaches
  14 goblins
  10 hobgoblins
  9 jackals
  6 kobolds
  8 bats
  5 frilled lizards
  A quokka skeleton (D:4)
  5 rats
110 creatures vanquished.

Table legend: (Time is in decaauts)
 A = Elapsed time spent in this place.
 B = Non-inter-level travel time spent in this place.
 C = Inter-level travel time spent in this place.
 D = Time resting spent in this place.
 E = Time spent auto-exploring this place.
 F = Levels seen in this place.
 G = Mean time per level.
                   A        B        C        D        E       F      G
               +--------+--------+--------+--------+--------+-----+--------+
         Total |   4521 |   4459 |     62 |    687 |   3097 |   4 | 1130.2 |
       Dungeon |   4521 |   4459 |     62 |    687 |   3097 |   4 | 1130.2 |
               +--------+--------+--------+--------+--------+-----+--------+

Top non-repeatable levels by time:
     D:2: 1492 daAuts
     D:3: 1299 daAuts
     D:1: 874 daAuts
     D:4: 855 daAuts

Table legend:
 A = Non-vault XP
 B = Vault XP
 C = Vault XP percentage of total XP
 D = Non-vault monster count
 E = Vault monster count
 F = Vault count percentage of total count
                 A         B        C        D         E       F
            +---------+---------+-------+---------+---------+-------
      Total |     661 |     375 |  36.2 |      95 |      15 |  13.6
            +---------+---------+-------+---------+---------+-------
        D:1 |      36 |       0 |   0.0 |      19 |       0 |   0.0
        D:2 |     179 |     267 |  59.9 |      30 |       2 |   6.2
        D:3 |      92 |      67 |  42.1 |      24 |      12 |  33.3
        D:4 |     354 |      41 |  10.4 |      22 |       1 |   4.3
            +---------+---------+-------+---------+---------+-------
